 Dungeon Crawl Stone Soup version 0.18.1-50-g88ac8fd (webtiles) character file.

119 cedor the Unweaver (level 4, 0/35 HPs)
             Began as a Demonspawn Abyssal Knight on Sept 22, 2016.
             Was a Follower of Lugonu.
             Succumbed to a worker ant's poison
             ... on level 4 of the Dungeon.
             The game lasted 00:08:52 (2470 turns).

cedor the Unweaver (Demonspawn Abyssal Knight)      Turns: 2470, Time: 00:08:53

Health: 0/35       AC:  8    Str: 13    XL:     4   Next: 74%
Magic:  6/6        EV: 12    Int: 14    God:    Lugonu [*.....]
Gold:   18         SH:  2    Dex: 12    Spells: 0 memorised, 3 levels left

rFire  . . .     SeeInvis .     a - +1 short sword
rCold  . . .     Gourm    .     e - +1 robe
rNeg   . . .     Faith    .     (no shield)
rPois  .         Spirit   .     (no helmet)
rElec  .         Dismiss  .     (no cloak)
rCorr  .         Reflect  .     (no gloves)
SustAt .         Harm     .     l - +2 pair of boots {run}
MR     .....                    (no amulet)
Stlth  +++.......               (no ring)
                                (no ring)

@: lethally poisoned (0 -> -5), flying, very slightly contaminated, invisible,
quick, not resistant to hostile enchantments, fairly stealthy
A: large bone plates 1, nightstalker 1
a: Depart the Abyss, Renounce Religion


You were on level 4 of the Dungeon.
You worshipped Lugonu.
Lugonu was aware of your devotion.
You were not hungry.

You visited 1 branch of the dungeon, and saw 5 of its levels.
You visited the Abyss 1 time.

You collected 148 gold pieces.
You spent 130 gold pieces at shops.


Innate Abilities, Weirdness & Mutations

You are partially covered in large bone plates (AC +2, SH +2).
You are slightly more attuned to the shadows.


   Skills:
 - Level 3.0 Fighting
 + Level 2.8 Short Blades
 - Level 2.2 Armour
 + Level 2.0 Dodging
 + Level 2.0 Stealth
 - Level 3.1 Invocations


You had 3 spell levels left.
You didn't know any spells.

Inventory:

Hand Weapons
 a - a +1 short sword (weapon)
Missiles
 g - 105 stones
 i - 5 tomahawks (quivered)
Armour
 b - a +0 leather armour
 e - a +1 robe (worn)
 l - a +2 pair of boots of running (worn)
Comestibles
 c - a bread ration
 f - 4 fruits
 h - a beef jerky
 n - a meat ration
 p - a chunk of flesh

Dungeon Overview and Level Annotations

Branches:
Dungeon (5/15)
 Temple: D:4-7

Altars:
Elyvilon
Pakellas
Trog

Shops:
D:2 }   D:5 [

Annotations:
D:4 exclusion: scorpion, cedor's ghost, amateur DsIE
D:5 Sigmund

▒.▒.▒..........▒
▒▒▒.▒.▒.▒▒▒▒▒▒▒.▒▒
............▒ ▒.▒
▒▒▒▒▒.▒▒▒▒▒.▒▒▒.▒ ▒.▒
▒.....▒ ▒.▒ ▒▒▒▒▒▒▒ ▒ ▒.▒
▒▒▒▒▒.▒▒▒▒▒▒▒▒▒▒▒▒
.............B..6▒
.▒▒▒.▒.▒▒▒▒▒▒▒▒▒▒▒ .▒
▒.▒.....▒ .▒ ▒.▒.....▒
▒▒▒▒▒▒▒▒▒▒▒▒▒▒ .▒▒▒.▒.....▒
▒.....▒......▒ ..▒▒.▒.....▒
▒.▒<..▒.▒.▒▒▒▒ ▒.▒▒.▒.....▒
▒.▒▒▒▒▒.▒.▒▒▒▒
▒..▒.▒.....▒▒▒.▒▒▒........▒
▒▒.▒...................▒▒▒▒


You could see a worker ant (wandering).


Message History

* * * LOW HITPOINT WARNING * * *
You feel sick. The worker ant barely misses you.
You are very lightly contaminated with residual magic.
You hit the worker ant but do no damage.
The worker ant is moderately wounded.
* * * LOW HITPOINT WARNING * * *
You feel sick. The worker ant completely misses you.
You closely miss the worker ant.
The worker ant is moderately wounded.
* * * LOW HITPOINT WARNING * * *
You feel sick. The worker ant barely misses you.
You closely miss the worker ant.
The worker ant is moderately wounded.
The worker ant closely misses you.
You closely miss the worker ant.
The worker ant is moderately wounded.
* * * LOW HITPOINT WARNING * * *
You feel sick. The worker ant barely misses you.
You closely miss the worker ant.
The worker ant is moderately wounded.
You are feeling hungry.
The worker ant misses you.
You completely miss the worker ant.
The worker ant is moderately wounded.
* * * LOW HITPOINT WARNING * * *
You feel sick.
You aren't carrying any potions.
Unknown command.
Eat one of 2 chunks of flesh? (ye/n/q/i?)
You die...

Action                   |  1- 3 |  4- 6 || total
-------------------------+-------+-------++-------
Melee: Short sword       |   112 |    22 ||   134
       Dagger            |    37 |    32 ||    69
Throw: Tomahawk          |       |     4 ||     4
Invok: Depart the Abyss  |     1 |       ||     1
  Use: Potion            |     2 |     3 ||     5
       Scroll            |     2 |     2 ||     4
 Stab: Sleeping          |     7 |     1 ||     8
  Eat: Chunk             |     3 |     3 ||     6
Armor: Leather armour    |    24 |       ||    24
       Robe              |    11 |    10 ||    21
Dodge: Dodged            |    88 |    35 ||   123
Block: Other             |       |     1 ||     1

Vault maps used:
D:1:      ldierk_water_garden
D:2:      lemuel_doored_altar, old_standard_altar, overflow_temple_1_default,
          marbit_many_paths, minivault_26, johnstein_pakellas_shop, uniq_natasha
D:3:      first_bread
D:4:      kennysheep_little_box, bloody_trog
D:5:      grunt_gozag_statues, serial_shops, shop, uniq_sigmund

Notes
Turn   | Place    | Note
--------------------------------------------------------------
     0 | Abyss:1  | cedor the Demonspawn Abyssal Knight began the quest for the Orb.
     0 | Abyss:1  | Reached XP level 1. HP: 18/18 MP: 2/2
    84 | Abyss:1  | Noticed an iron dragon skeleton
    86 | Abyss:1  | Noticed a smoke demon
    88 | D:1      | Escaped the Abyss
   188 | D:1      | Reached skill level 2 in Armour
   208 | D:1      | Reached skill level 2 in Short Blades
   512 | D:1      | Gained mutation: You are slightly more attuned to the shadows. [demonic ancestry]
   512 | D:1      | Reached XP level 2. HP: 23/24 MP: 3/3
   542 | D:1      | Reached skill level 1 in Dodging
   576 | D:2      | Reached * piety under Lugonu
   626 | D:2      | Found a white marble altar of Elyvilon.
   707 | D:2      | Reached XP level 3. HP: 8/29 MP: 5/5
   942 | D:2      | Reached skill level 1 in Stealth
  1231 | D:2      | Reached skill level 3 in Invocations
  1391 | D:4      | Noticed cedor's ghost (amateur DsIE)
  1441 | D:2      | Found an oddly glowing altar of Pakellas.
  1441 | D:2      | Found Pakellas's Prime Provisions.
  1507 | D:4      | Noticed a scorpion
  1733 | D:4      | Found a bloodstained altar of Trog.
  1776 | D:4      | Gained mutation: You are partially covered in large bone plates (AC +2, SH +2). [demonic ancestry]
  1776 | D:4      | Reached XP level 4. HP: 27/35 MP: 6/6
  1940 | D:5      | Entered Level 5 of the Dungeon
  1940 | D:5      | Found Zyrum's Antique Armour Boutique.
  1943 | D:5      | Bought a pair of runed boots for 130 gold pieces
  1948 | D:5      | Identified a +2 pair of boots of running (You bought it in a shop on level 5 of the Dungeon)
  2415 | D:5      | Reached skill level 2 in Dodging
  2415 | D:5      | Reached skill level 2 in Stealth
  2432 | D:5      | Noticed Sigmund
  2460 | D:4      | HP: 3/35 [poisoned by a worker ant]
  2466 | D:4      | HP: 2/35 [poisoned by a worker ant]
  2470 | D:4      | Succumbed to a worker ant's poison

Vanquished Creatures
  An iguana (D:5)
  A worker ant (D:4)
  2 gnolls (D:2)
  2 adders (D:2)
  A dart slug (D:4)
  3 bats
  3 giant cockroaches
  10 goblins
  4 hobgoblins (D:1)
  2 quokkas (D:4)
  2 kobolds
  A rat (D:1)
32 creatures vanquished.

Vanquished Creatures (others)
  4 toadstools (D:1)
4 creatures vanquished.

Grand Total: 36 creatures vanquished
